 Dungeon Crawl Stone Soup version 0.30.1-3-gfc49f6343a (webtiles) character file.

Game seed: 737615433938964016

8635 croobank the Covert (level 11, -18/78 HPs)
             Began as an Octopode Delver on July 27, 2023.
             Was an Initiate of Gozag.
             Shot with an arrow by a centaur warrior (21 damage)
             ... on level 10 of the Dungeon.
             The game lasted 01:47:45 (9398 turns).

croobank the Covert (Octopode Delver)               Turns: 9398, Time: 01:47:45

Health: -18/78     AC:  5    Str: 19    XL:     11   Next: 33%
Magic:  16/16      EV: 16    Int: 16    God:    Gozag
Gold:   96         SH:  0    Dex: 13    Spells: 16/16 levels left

rFire   . . .        n - +6 dagger (drain)
rCold   + + .        (no shield)
rNeg    + . .        N - +0 hat
rPois   +            (no amulet)
rElec   .            o - ring of poison resistance
rCorr   .            y - ring of positive energy
SInv    .            A - +4 ring of protection
Will    .....        C - ring of Attitude {rC+ Str+6}
Stlth   ++++++       G - ring of protection from cold
HPRegen 0.33/turn    (no ring)
MPRegen 0.15/turn    (no ring)
                     (no ring)

%: no passive effects
@: mighty, invisible
A: almost no armour, amphibious, 8 rings, camouflage 1, gelatinous body 1,
(nimble swimmer 1), tentacles
a: Renounce Religion, Potion Petition, Call Merchant, Bribe Branch


You were on level 10 of the Dungeon.
You worshipped Gozag.
Gozag was noncommittal.
You visited 2 branches of the dungeon, and saw 12 of its levels.

You collected 1083 gold pieces.
You paid 987 gold pieces to Gozag.

Inventory:

Hand Weapons
 a - a +2 vampiric spear
 n - a +6 dagger of draining (weapon)
 q - a +1 dagger of holy wrath
 u - a +1 flail of holy wrath
 z - a +1 sling of electrocution
 D - a +0 war axe of freezing
 E - a +1 battleaxe of flaming
 F - a +0 scimitar
 L - a +2 dagger of venom
Missiles
 d - 4 boomerangs (quivered)
 x - a throwing net
 I - 3 poisoned darts
 J - 4 datura-tipped darts
Armour
 N - a +0 hat (worn)
Magical Staves
 h - a staff of fire
Jewellery
 o - a ring of poison resistance (left tentacle)
 y - a ring of positive energy (right tentacle)
 A - a +4 ring of protection (on tentacle)
 C - the ring of Attitude (on tentacle) {rC+ Str+6}
   (You found it on level 6 of the Dungeon)

   [ring of strength]

   Str:       It affects your strength (+6).
   rC:        It protects you from cold.
 G - a ring of protection from cold (on tentacle)
Wands
 e - a wand of roots (14)
 f - a wand of digging (1)
 m - a wand of flame (5)
 s - a wand of mindburst (5)
 B - a wand of polymorph (14)
 P - a wand of quicksilver (8)
Scrolls
 b - a scroll of fog
 c - 4 scrolls of teleportation
 t - a scroll of magic mapping
 w - a scroll of poison
 H - a scroll of amnesia
 O - a scroll of identify
Potions
 g - 9 potions of curing
 i - a potion of invisibility
 j - a potion of cancellation
 k - 4 potions of mutation
 p - a potion of might
 r - 2 potions of resistance
 v - 2 potions of flight
 M - a potion of haste


   Skills:
 + Level 8.8 Fighting
 + Level 8.4 Short Blades
 + Level 8.6 Dodging
 + Level 13.2 Stealth
 + Level 3.3 Spellcasting
 + Level 3.7 Air Magic


You had 16 spell levels left.
You didn't know any spells.
Your spell library contained the following spells:

 Spells                   Type           Power      Damage    Failure   Level
 Shock                    Conj/Air       32%        1d5       9%          1
 Swiftness                Air            14%        N/A       12%         3
 Airstrike                Air            7%         2d(1-17)  36%         4


Dungeon Overview and Level Annotations

Branches:
Dungeon (11/15)            Temple (1/1) D:7            Lair (0/5) D:10
    Orc: D:9-12

Altars:
Ashenzari
Cheibriados
Dithmenos
Elyvilon
Fedhas
Gozag
Hepliaklqana
Kikubaaqudgha
Makhleb
Nemelex Xobeh
Okawaru
Qazlal
Ru
Trog
Uskayaw
Vehumet
Wu Jian
Xom
Yredelemnul
Zin
The Shining One

Shops:
D:4 =   D:6 ?

Annotations:
D:3 1 runed translucent door, Crazy Yiuf
Temple 4 transporters


Innate Abilities, Weirdness & Mutations

You cannot wear most types of armour.
You are amphibious.
You can wear up to eight rings at the same time.
Your skin changes colour to match your surroundings (Stealth+).
Your rubbery body absorbs attacks. (AC +1, EV +1)
((You are camouflaged when in or above water. (Stealth+)))
You have tentacles for arms and can constrict up to eight enemies at once.


Message History

The grasping roots constrict the bush. x2
The roots release their grip on the stone giant.
The roots release their grip on the centaur warrior.
The roots release their grip on the bush. x2
The stone giant throws a large rock.
The centaur warrior closely misses you. The centaur warrior barely misses you.
You puncture the stone giant! You drain the stone giant.
The stone giant is moderately wounded.
The stone giant hits you!!
* * * LOW HITPOINT WARNING * * *
Saving game... please wait.
Welcome back, croobank the Octopode Delver.
Gozag says: Greed is good.
Press ? for a list of commands and other information.
Press: ? - help, v - describe, . - travel
Here: a stone giant, quivering large rocks (moderately wounded, unable to see you, lightly drained)
The floor.
You don't know any spells.
Press: ? - help, v - describe, . - travel The floor, spattered with blood.
Unknown command.
As you read the scroll of fear, it crumbles to dust.
You assume a fearsome visage.
The stone giant looks frightened!
The centaur warrior looks frightened!
The centaur warrior drinks a potion.
The centaur warrior seems to speed up.
The centaur warrior begs, "Please don't kill me!"
You see here a throwing net.
x - a throwing net The centaur warrior hits the bush but does no damage.
The centaur warrior kicks the bush but does no damage.
The centaur warrior completely misses the bush. x2
Aiming: Dig
Press: ? - help, Shift-Dir - straight line You can't see that place. [a rock wall.]
The rock shatters into small pieces.
The centaur warrior wields a +0 shortbow.
The centaur warrior shoots an arrow.
The arrow hits you!!
You die...
Your body crumbles into a pile of gold.

$$$$$$$$$#....#.##.....###.# #
$$$$$$$$$#....#.#.......##.###
$$$$$$$$$#...(#.#.P..P..#.....
####'#..........#.#..
#P...#..........#.#..
WCc....#c..P#.....>......#).
D......#P...#............###
.......#...P#.......P[......
....K..#P..@.##.......#.....
[OB....#...P###.......#.....
.......#P...# ##.....##.....
.......#...P# ##...###.....
.......'C...# ##.###......
############# #..........
#####...... #######


You could see a stone giant (unable to see you, fleeing, drained) and a centaur
warrior (fast, unable to see you).

Vanquished Creatures
  A boulder beetle (D:10)
  2 two-headed ogres
  An ugly thing (D:10)
  A cyclops (D:10)
  An unseen horror (D:10)
  A wraith (D:9)
  A slime creature (D:10)
  3 yaks (D:8)
  A shadow (D:11)
  A wyvern (D:8)
  Grum (D:9)
  Edmund (D:4)
  3 wargs
  2 acid dragons (D:10)
  A water moccasin (D:8)
  2 sky beasts
  An ice beast (D:6)
  3 black bears
  3 orc warriors
  2 wolves (D:9)
  3 ogres
  4 centaurs
  A phantom (D:4)
  A kobold brigand (D:9)
  6 bullfrogs
  A gnoll sergeant (D:7)
  3 scorpions
  9 wights
  2 killer bees
  2 vampire bats (D:4)
  A howler monkey (D:8)
  5 hounds
  2 jellies
  A gnoll bouda (D:3)
  3 orc priests
  5 orc wizards
  2 sleepcaps
  An iguana (D:5)
  16 gnolls
  15 adders
  An ufetubus (D:5)
  4 worms
  3 dart slugs
  27 orcs
  5 ball pythons
  12 bats
  3 endoplasms
  4 giant cockroaches
  5 goblins
  3 hobgoblins
  11 kobolds
  4 quokkas
  5 frilled lizards
202 creatures vanquished.

Notes
Turn   | Place    | Note
-------+----------+-------------------------------------------
     0 | D:5      | croobank the Octopode Delver began the quest for the Orb.
     0 | D:5      | Reached XP level 1. HP: 16/16 MP: 1/1
    42 | D:6      | Noticed an ice beast
    42 | D:6      | Noticed a jelly
    46 | D:6      | Killed a jelly
    47 | D:6      | Reached XP level 2. HP: 21/21 MP: 2/2
    47 | D:6      | Reached XP level 3. HP: 26/26 MP: 3/3
   234 | D:4      | Noticed a black bear
   234 | D:4      | Noticed a black bear
   234 | D:4      | Found a bloodstained altar of Trog.
   238 | D:4      | Noticed a phantom
   238 | D:4      | Noticed an ogre
   255 | D:4      | Reached skill level 7 in Stealth
   402 | D:3      | Noticed a black bear
   410 | D:3      | Killed a black bear
   411 | D:3      | Reached XP level 4. HP: 4/33 MP: 4/4
   411 | D:3      | Reached XP level 5. HP: 5/37 MP: 5/5
   414 | D:3      | HP: 1/37 [frozen (5)]
  1821 | D:3      | Found a glowing golden altar of the Shining One.
  2047 | D:3      | Found a runed translucent door.
  2048 | D:3      | Noticed Crazy Yiuf
  2120 | D:3      | Found a hide-covered altar of Uskayaw.
  2337 | D:4      | Noticed Edmund
  2348 | D:4      | Killed Edmund
  2349 | D:4      | Reached skill level 8 in Stealth
  2349 | D:4      | Reached XP level 6. HP: 23/44 MP: 6/6
  2435 | D:4      | Found Agawih's Jewellery Emporium.
  2591 | D:4      | Reached XP level 7. HP: 49/49 MP: 7/7
  2592 | D:4      | Found a shimmering altar of Xom.
  2836 | D:4      | Reached skill level 5 in Fighting
  2943 | D:3      | Reached skill level 9 in Stealth
  3112 | D:4      | Reached XP level 8. HP: 45/55 MP: 8/8
  3676 | D:4      | Reached skill level 5 in Short Blades
  3787 | D:5      | Reached skill level 5 in Dodging
  3905 | D:5      | Found a white marble altar of Elyvilon.
  4297 | D:5      | Reached skill level 10 in Stealth
  4817 | D:6      | Found a sparkling altar of Nemelex Xobeh.
  4824 | D:6      | Reached XP level 9. HP: 63/63 MP: 9/9
  4919 | D:6      | Found Oti Biosch's Magic Scroll Boutique.
  5048 | D:6      | Identified the ring of Attitude {rC+ Str+6}
  5565 | D:7      | Found a radiant altar of Vehumet.
  5568 | D:7      | Found a hazy altar of Hepliaklqana.
  5658 | D:7      | Found a burning altar of Makhleb.
  6088 | D:7      | Reached skill level 11 in Stealth
  6121 | D:7      | Found a staircase to the Ecumenical Temple.
  6376 | Temple   | Entered the Ecumenical Temple
  6376 | Temple   | Found a transporter.
  6376 | Temple   | Found a transporter.
  6378 | Temple   | Found a transporter.
  6378 | Temple   | Found a transporter.
  6394 | Temple   | Became a worshipper of Gozag Ym Sagoz the Greedy
  6577 | D:8      | Found a glowing silver altar of Zin.
  6726 | D:8      | Noticed a two-headed ogre
  6733 | D:8      | Killed a two-headed ogre
  6734 | D:8      | Reached XP level 10. HP: 71/71 MP: 10/10
  6781 | D:8      | Reached skill level 12 in Stealth
  7362 | D:8      | Reached skill level 1 in Air Magic
  7673 | D:9      | Reached skill level 1 in Spellcasting
  7984 | D:9      | Found a blossoming altar of Fedhas.
  8013 | D:9      | Noticed Grum
  8021 | D:9      | Killed Grum
  8266 | D:10     | Entered Level 10 of the Dungeon
  8270 | D:10     | Found a staircase to the Lair.
  8550 | D:10     | Found an iron altar of Okawaru.
  8612 | D:10     | Found an ornate altar of the Wu Jian Council.
  8716 | D:10     | Found a sacrificial altar of Ru.
  8722 | D:10     | Noticed a two-headed ogre
  8733 | D:10     | Killed a two-headed ogre
  8878 | D:11     | Reached XP level 11. HP: 73/78 MP: 14/14
  8969 | D:10     | Noticed a red ugly thing
  8989 | D:10     | Killed a red ugly thing
  8990 | D:10     | Reached skill level 13 in Stealth
  9092 | D:10     | Noticed a boulder beetle
  9092 | D:10     | Noticed a two-headed ogre
  9093 | D:10     | Noticed a cyclops
  9093 | D:10     | Noticed a centaur warrior
  9093 | D:10     | Noticed a flayed ghost
  9235 | D:10     | Killed a cyclops
  9243 | D:10     | Killed a boulder beetle
  9379 | D:10     | Noticed a stone giant
  9393 | D:10     | HP: 1/78 [stone giant (29)]
  9398 | D:10     | Shot with an arrow by a centaur warrior

Illustrated notes

Levels and vault maps discovered:
D:1:      zaba_arrival_water, layout_rooms, chequers_serial_rivers_micro_e,
          minmay_unequal
D:2:      layout_rooms
D:3:      layout_loops_ring, tso_oasis_becter,
          nicolae_uskayaw_murder_on_the_dancefloor, uniq_crazy_yiuf_cottage
D:4:      layout_basic, amcnicky_altar_gilded, trog_ov_bears_minmay,
          chequers_jeans, roderic_batcave, nrook_uturn,
          minmay_shop_enchanted_jewellery, chequers_mini_garden,
          kennysheep_generic_room_16, uniq_edmund
D:5:      layout_basic, nicolae_elyvilon_temple_path, minivault_11, st_stairs_3
D:6:      layout_basic, mainiacjoe_overflow_concentric_impassable,
          lightli_ossuary_entry_decrepit_ruins, serial_shops, shop
D:7:      layout_gridville, nicolae_overflow_hidden_temple,
          mainiacjoe_overflow_alcove_4, minmay_temple_entry_nine_rooms
D:8:      layout_loops_ring, zin_academy
D:9:      layout_irregular_city, mainiacjoe_overflow_alcove_1, uniq_grum
D:10:     minmay_klotski, layout_rooms, mainiacjoe_overflow_24_doors,
          kennysheep_orc_sif_temple, nicolae_overflow_crystal_walls,
          nicolae_ru_awakened_eye, erik_lair_orcish_takeover,
          minmay_fractal_squares_gapless_5
D:11:     layout_basic, lightli_airlock
Temple:   hellmonk_temple_divided_pantheon

Skill      XL: |  1  2  3  4  5  6  7  8  9 10 11 |
---------------+----------------------------------+-----
Stealth        | 7 8 9 10 11 12 13 | 13.2
Short Blades   | 3 4 5 7 8 |  8.4
Dodging        | 3 4 5 7 8 |  8.6
Fighting       | 4 5 6 7 8 |  8.8
Air Magic      | 2 3 |  3.7
Spellcasting   | 2 3 |  3.3

Action                     |  1- 3 |  4- 6 |  7- 9 | 10-12 || total
---------------------------+-------+-------+-------+-------++-------
  Melee: Short sword       |     6 |    24 |       |       ||    30
         Constrict         |     1 |    15 |    35 |    25 ||    76
         Tentacles         |     1 |    14 |    48 |    57 ||   120
         Dagger            |       |    61 |   187 |   238 ||   486
         Punch             |       |     3 |     3 |     3 ||     9
  Throw: Boomerang         |       |       |    28 |     5 ||    33
         Throwing net      |       |       |     3 |     4 ||     7
 Invoke: Potion Petition   |       |       |       |     2 ||     2
  Evoke: Wand              |     3 |     2 |     6 |     4 ||    15
    Use: Scroll            |     2 |     8 |    14 |     2 ||    26
         Potion            |     2 |       |     2 |     2 ||     6
   Stab: Sleeping          |     3 |    21 |    20 |     8 ||    52
         Distracted        |       |     1 |       |     3 ||     4
         Held in net/web   |       |       |     2 |     1 ||     3
 Armour: Skin              |     1 |     2 |    19 |    19 ||    41
  Dodge: Dodged            |     8 |    29 |    89 |   114 ||   240
